 Dungeon Crawl Stone Soup version 0.21.1-1-g345015fe64 (webtiles) character file.

583 JOKERXD40 the Chopper (level 7, -6/61 HPs)
             Began as a Minotaur Berserker on June 26, 2018.
             Was a Priest of Trog.
             Mangled by JOKERXD40's ghost (11 damage)
             ... on level 4 of the Dungeon.
             The game lasted 00:06:38 (2261 turns).

JOKERXD40 the Chopper (Minotaur Berserker)          Turns: 2261, Time: 00:06:39

Health: -6/61      AC:  9    Str: 25    XL:     7   Next: 14%
Magic:  15/15      EV:  9    Int:  4    God:    Trog [***...]
Gold:   171        SH:  0    Dex: 10    Spells: 6/6 levels left

rFire    . . .     SeeInvis .   a - +0 hand axe
rCold    . . .     Gourm    .   (no shield)
rNeg     . . .     Faith    .   k - +0 chain mail
rPois    .         Spirit   .   (helmet restricted)
rElec    .         Reflect  .   (no cloak)
rCorr    .         Harm     .   (no gloves)
MR       .....                  (no boots)
Stlth    ..........             (no amulet)
HPRegen  0.20/turn              i - ring of magical power
MPRegen  0.14/turn              p - +2 ring of strength

@: berserk cooldown, slowed, very slow
A: retaliatory headbutt, horns 2
a: Berserk, Trog's Hand, Burn Spellbooks, Renounce Religion


You were on level 4 of the Dungeon.
You worshipped Trog.
Trog was most pleased with you.
You were hungry.

You visited 1 branch of the dungeon, and saw 4 of its levels.

You collected 171 gold pieces.

Inventory:

Hand Weapons
 a - a +0 hand axe (weapon)
 s - a +4 scythe
Missiles
 d - 2 javelins of penetration (quivered)
Armour
 k - a +0 chain mail (worn)
Jewellery
 i - a ring of magical power (left hand)
 p - a +2 ring of strength (right hand)
Wands
 q - a wand of digging (14)
Scrolls
 b - 2 scrolls of enchant weapon {unknown}
 e - 5 scrolls of identify {unknown}
 g - 4 scrolls of remove curse {unknown}
 h - a scroll of noise {unknown}
 l - a scroll of immolation {unknown}
 m - a scroll of teleportation {unknown}
 n - a scroll of blinking {unknown}
Potions
 f - a potion of flight {unknown}
 j - a potion of invisibility {unknown}
 o - a potion of brilliance {unknown}
 r - 2 potions of agility {unknown}
Comestibles
 c - 4 rations


   Skills:
 + Level 5.2 Fighting
 + Level 7.5 Axes
 + Level 4.8 Armour
 + Level 2.9 Dodging
 + Level 1.1 Stealth


You had 6 spell levels left.
You didn't know any spells.

Dungeon Overview and Level Annotations

Branches:
Dungeon (4/15)
 Temple: D:4-7

Altars:
Kikubaaqudgha

Annotations:
D:4 JOKERXD40's ghost, amateur HOFi


Innate Abilities, Weirdness & Mutations

You reflexively headbutt those who attack you in melee.
You have a pair of horns on your head.


Message History

JOKERXD40's ghost is severely damaged.
JOKERXD40's ghost hits you but does no damage.
You barely miss JOKERXD40's ghost. You headbutt JOKERXD40's ghost!
JOKERXD40's ghost is almost destroyed.
JOKERXD40's ghost hits you.
JOKERXD40's ghost hits you but does no damage.
You hit JOKERXD40's ghost but do no damage.
You headbutt JOKERXD40's ghost, but do no damage.
JOKERXD40's ghost is almost destroyed.
JOKERXD40's ghost hits you!
* * * LOW HITPOINT WARNING * * *
You hit JOKERXD40's ghost.
JOKERXD40's ghost is almost destroyed.
JOKERXD40's ghost hits you.
* * * LOW HITPOINT WARNING * * *
JOKERXD40's ghost barely misses you.
You hit JOKERXD40's ghost but do no damage.
JOKERXD40's ghost is almost destroyed.
JOKERXD40's ghost hits you!
You die...

#. ##.# ... ## # #.# #
...#. #.## #.. ....##...
#...###### .........<)
.........####.....##....
).....W@....##...#...%..
...(.....##..≈.....#....
#...######..≈.≈.####....
#.. #.≈≈≈≈........# #
#.≈≈...#..###.#
##......#..###.#
#...[##......#.#
#.....####[.#.#.#
#.....<.###......#


You could see JOKERXD40's ghost.

Vanquished Creatures
  Sigmund (D:4)
  An ogre (D:4)
  A scorpion (D:4)
  A hound (D:3)
  An orc priest (D:3)
  Jessica (D:2)
  2 worker ants
  A worker ant zombie (D:4)
  3 adders
  2 worms
  A leopard gecko (D:2)
  11 orcs (D:3)
  5 giant cockroaches
  7 goblins
  13 hobgoblins
  9 jackals
  2 quokkas
  2 ball pythons
  2 bats (D:3)
  4 frilled lizards
  16 kobolds
  9 rats
95 creatures vanquished.

Notes
Turn   | Place    | Note
-------+----------+-------------------------------------------
     0 | D:1      | JOKERXD40 the Minotaur Berserker began the quest for the Orb.
     0 | D:1      | Reached XP level 1. HP: 19/19 MP: 0/0
    45 | D:1      | Reached skill level 4 in Axes
    56 | D:1      | Reached XP level 2. HP: 13/26 MP: 1/1
   466 | D:1      | Reached XP level 3. HP: 30/33 MP: 2/2
   718 | D:2      | Reached ** piety under Trog
   764 | D:2      | Noticed Jessica
   774 | D:2      | Killed Jessica
   999 | D:2      | Reached XP level 4. HP: 41/41 MP: 3/3
  1024 | D:2      | Reached skill level 5 in Axes
  1041 | D:2      | Found an ancient bone altar of Kikubaaqudgha.
  1675 | D:3      | Reached XP level 5. HP: 47/47 MP: 4/4
  1683 | D:3      | Reached skill level 6 in Axes
  1720 | D:3      | Reached *** piety under Trog
  1834 | D:3      | Reached skill level 1 in Stealth
  1975 | D:3      | Found a faded altar of an unknown god.
  2145 | D:4      | Noticed an ogre
  2151 | D:4      | Killed an ogre
  2151 | D:4      | Reached XP level 6. HP: 55/55 MP: 5/5
  2208 | D:4      | Noticed Sigmund
  2213 | D:4      | Killed Sigmund
  2213 | D:4      | Reached skill level 5 in Fighting
  2213 | D:4      | Reached skill level 7 in Axes
  2213 | D:4      | Reached XP level 7. HP: 61/61 MP: 6/6
  2240 | D:4      | Noticed JOKERXD40's ghost (amateur HOFi)
  2261 | D:4      | Mangled by JOKERXD40's ghost

Skill      XL: |  1  2  3  4  5  6 |
---------------+-------------------+-----
Axes           | 4 5 6 7 |  7.5
Fighting       | 4 5 |  5.2
Armour         | 3 4 |  4.8
Stealth        | 1 |  1.1
Dodging        | |  2.9

Action                   |  1- 3 |  4- 6 |  7- 9 || total
-------------------------+-------+-------+-------++-------
Melee: Hand axe          |    74 |   111 |    18 ||   203
       Headbutt          |    11 |    13 |     7 ||    31
       Scythe            |       |       |     2 ||     2
Throw: Javelin           |     2 |       |       ||     2
Invok: Berserk           |     1 |     4 |     1 ||     6
  Eat: Chunk             |     1 |     5 |       ||     6
       Ration            |       |     1 |       ||     1
Armor: Animal skin       |     7 |       |       ||     7
       Chain mail        |     2 |    57 |    10 ||    69
       Leather armour    |     2 |       |       ||     2
Dodge: Dodged            |    60 |    59 |     8 ||   127
